 Dungeon Crawl Stone Soup version 0.27.1-34-g3ba077fa99 (console) character file.

Game seed: 12220536121855193201

15 Banquo the Shield-Bearer (level 2, 0/24 HPs)
             Began as a Formicid Fighter on Feb 1, 2022.
             Was a Follower of Trog.
             Slain by an ufetubus (2 damage)
             ... on level 2 of the Dungeon.
             The game lasted 00:04:23 (1043 turns).

Banquo the Shield-Bearer (Formicid Fighter)         Turns: 1043, Time: 00:04:24

Health: 0/24       AC:  6    Str: 20    XL:     2   Next: 65%
Magic:  2/2        EV:  8    Int:  7    God:    Trog [*.....]
Gold:   28         SH:  9    Dex: 10    Spells: 1/1 levels left

rFire    . . .     SeeInvis +   a - +0 war axe
rCold    . . .     Faith    .   c - +0 kite shield
rNeg     . . .     Spirit   .   b - +0 scale mail
rPois    .         Reflect  .   (helmet unavailable)
rElec    .         Harm     .   (no cloak)
rCorr    .         Rampage  .   (no gloves)
Will     .....                  (no boots)
Stlth    ..........             (no amulet)
HPRegen  0.08/turn              (no ring)
MPRegen  0.08/turn              (no ring)

@: no status effects
A: permanent stasis, dig shafts and tunnels, antennae 3, four strong arms
a: Dig, Shaft Self, Renounce Religion


You were on level 2 of the Dungeon.
You worshipped Trog.
Trog was aware of your devotion.
You visited 1 branch of the dungeon, and saw 2 of its levels.

You collected 28 gold pieces.

Inventory:

Hand Weapons
 a - a +0 war axe (weapon)
Missiles
 e - 15 stones
 f - 18 poisoned darts
Armour
 b - a +0 scale mail (worn)
 c - a +0 kite shield (worn)
Scrolls
 g - 2 scrolls of identify {unknown}
 h - a scroll of immolation
 i - a scroll of fog {unknown}
 j - a scroll of brand weapon {unknown}
Potions
 d - a potion of might


   Skills:
 + Level 3.4 Fighting
 * Level 2.4 Axes
 + Level 3.4 Armour
 + Level 4.0 Shields


You had one spell level left.
You didn't know any spells.
Your spell library was empty.

Dungeon Overview and Level Annotations

Branches:
Dungeon (2/15)

Altars:
Trog

Annotations:
D:1 Scrolls w/ lava


Innate Abilities, Weirdness & Mutations

You cannot be hasted, slowed, berserked, paralysed or teleported.
You can dig through walls and to a lower floor.
You have a pair of large antennae on your head. (SInv)
Your four strong arms can wield two-handed weapons with a shield.


Message History

You hit the endoplasm but do no damage.
The endoplasm is heavily wounded.
The endoplasm freezes you.
You are frozen.
The endoplasm barely misses you.
You barely miss the endoplasm.
The endoplasm is heavily wounded.
You miss the ufetubus. The ufetubus closely misses you.
You block the ufetubus's attack. The ufetubus closely misses you.
The ufetubus hits you. The endoplasm freezes you.
You are frozen.
You block the ufetubus's attack. The ufetubus hits you.
You barely miss the endoplasm.
The endoplasm is heavily wounded.
You closely miss the ufetubus. The ufetubus closely misses you.
The ufetubus hits you but does no damage.
The endoplasm freezes you.
You are frozen.
The ufetubus hits you but does no damage.
The ufetubus barely misses you.
The endoplasm hits you but does no damage.
You are too injured to fight recklessly!
You miss the ufetubus. You hit the endoplasm.
You kill the endoplasm!
Trog accepts your kill. The ufetubus hits you.
* * * LOW HITPOINT WARNING * * *
The ufetubus hits you.
* * * LOW HITPOINT WARNING * * *
The ufetubus closely misses you.
The ufetubus hits you but does no damage.
You barely miss the ufetubus. The ufetubus barely misses you.
The ufetubus hits you but does no damage.
The ufetubus hits you.
* * * LOW HITPOINT WARNING * * *
You block the ufetubus's attack.
You miss the ufetubus. You block the ufetubus's attack. The ufetubus hits you.
* * * LOW HITPOINT WARNING * * *
You block the ufetubus's attack. The ufetubus barely misses you.
The ufetubus hits you.
You die...

# . # .# # #
.###.# #
#######......
#
#..........#
######
#..........##
.#.....
#....@5......
.......
#............
#.....
#..........#.
######
#######......
# ....#. #
###.# # { .#
# . #


You could see an ufetubus.

Vanquished Creatures
  2 bats (D:1)
  An endoplasm (D:2)
  A goblin (D:2)
  3 hobgoblins
  A kobold (D:1)
  A quokka (D:1)
  A ball python (D:1)
  2 frilled lizards (D:1)
  A rat (D:1)
13 creatures vanquished.

Notes
Turn   | Place    | Note
-------+----------+-------------------------------------------
     0 | D:1      | Banquo the Formicid Fighter began the quest for the Orb.
     0 | D:1      | Reached XP level 1. HP: 18/18 MP: 1/1
    79 | D:1      | Found a faded altar of an unknown god.
   199 | D:1      | Became a worshipper of Trog the Wrathful
   199 | D:1      | Reached * piety under Trog
   383 | D:1      | Reached XP level 2. HP: 19/24 MP: 2/2
   919 | D:2      | Reached skill level 4 in Shields
  1043 | D:2      | Slain by an ufetubus

Illustrated notes

Levels and vault maps discovered:
D:1:      grunt_arrival_lava_bath, layout_basic,
          hellmonk_ecumenical_altar_blasted
D:2:      layout_loops_cross

Skill      XL: |  1  2 |
---------------+-------+-----
Shields        | 4 |  4.0
Fighting       | |  3.4
Axes           | |  2.4
Armour         | |  3.4

Action                   || total
-------------------------++-------
Melee: War axe           ||    46
 Abil: Dig               ||     2
Armor: Scale mail        ||    29
Dodge: Dodged            ||    21
Block: Kite shield       ||    30
